Rafales vs Griffins
Created - February 22, 2018 at 22:17
Goals
|
| Rafales |
1 |
1 |
0 |
2 |
| Griffins |
2 |
1 |
1 |
4 |
|
Shots
|
| Rafales |
8 |
12 |
6 |
26 |
| Griffins |
6 |
7 |
7 |
20 |
|
1st period
1. Rafales , Carl Klingberg 17 (Nathan Davis 29, Brian Ferlin 12) at 2:27
2. Griffins , Robert Dome 14 (Kyle Lawson 6) at 12:56
3. Griffins , Jamie Arniel 30 (Robert Dome 20, Gord Baldwin 12) at 15:21
Penalties :
James Marcou (Stf) for Interference (Minor) at 4:05, Simon Despres (Cap) for Hooking (Minor) at 8:13
2nd period
4. Griffins , Devin Shore 8 (Tye McGinn 29, J.T. Brown 17) at 1:54
5. Rafales , Milan Bartovic 11 (Cody McLeod 47) at 14:27
Penalties :
Petr Pohl (Cap) for Hooking (Minor) at 6:18, Connor Murphy (Stf) for Diving (Minor) at 15:26
3rd period
6. Griffins , Petr Pohl 36 (Mike Duco 17) at 6:49 (SH)
Penalties :
J.T. Brown (Cap) for Slashing (Minor) at 6:03
Goalie Stats
Philipp Grubauer (Stf), 1 saves from 1 shots - (1.000), 13:11 minutes
Leland Irving (Stf), 15 saves from 19 shots - (0.789), L, 1-2-1, 46:49 minutes
Jason Missiaen (Cap), 24 saves from 26 shots - (0.923), W, 23-8-5, 60:00 minutes
Players Stats for Rafales
Player Name G A P +/- PIM S H SB GA TA FO MP PP MP PK MP
------------------------------------------------------------------------------------
Akim Aliu 0 0 0 0 0 0 0 0 0 0 0/0 0:00 0:00 0:00
Ben Thomson 0 0 0 0 0 0 0 0 0 0 0/0 0:00 0:00 0:00
Brian Ferlin 0 1 1 0 0 0 2 0 0 0 0/0 13:41 0:00 0:12
Carl Klingberg 1 0 1 1 0 3 1 2 0 1 0/0 11:05 0:00 0:15
Chris Terry 0 0 0 0 0 4 5 0 0 0 1/1 10:25 0:00 0:00
Cody McLeod 0 1 1 0 0 3 0 0 1 0 0/0 19:08 3:13 1:37
Connor Murphy 0 0 0 -1 2 0 1 0 1 1 0/0 21:51 2:03 1:15
Dylan McIlrath 0 0 0 -2 0 0 4 0 0 0 0/0 14:51 0:00 0:49
James Marcou 0 0 0 0 2 0 0 0 1 0 1/1 10:25 0:00 0:00
Jarret Stoll 0 0 0 -2 0 2 1 0 4 2 3/6 18:55 2:44 1:55
Jayson Megna 0 0 0 0 0 0 0 0 0 0 0/0 0:26 0:00 0:00
Julian Melchiori 0 0 0 -1 0 0 0 0 0 0 0/0 23:53 2:03 2:23
Kevin Veilleux 0 0 0 0 0 1 3 0 0 0 0/2 10:25 0:00 0:00
Maksim Mayorov 0 0 0 0 0 0 0 0 0 0 0/0 0:00 0:00 0:00
Marc-André Gragnani 0 0 0 -1 0 1 4 1 3 0 0/0 28:47 3:54 1:42
Mark Fayne 0 0 0 -1 0 1 3 0 1 1 0/0 26:03 3:54 1:35
Michael Bournival 0 0 0 -2 0 1 5 0 0 1 0/0 16:33 2:44 0:00
Mike Zigomanis 0 0 0 0 0 2 1 1 0 0 20/30 19:50 3:13 1:55
Milan Bartovic 1 0 1 0 0 2 2 0 1 0 0/1 18:25 3:13 0:53
Nathan Davis 0 1 1 0 0 3 0 0 1 0 1/3 10:42 0:00 0:00
Nicklas Jensen 0 0 0 0 0 0 0 0 0 0 0/0 0:00 0:00 0:00
Petr Kalus 0 0 0 0 0 0 0 0 0 0 0/0 1:28 0:00 0:00
Ryan Bourque 0 0 0 1 0 0 0 0 0 0 0/0 2:34 0:00 1:21
Stefan Chaput 0 0 0 0 0 0 0 0 0 0 0/0 0:00 0:00 0:00
Tim Crowder 0 0 0 -2 0 3 0 0 0 0 1/1 16:33 2:44 0:00
Players Stats for Griffins
Player Name G A P +/- PIM S H SB GA TA FO MP PP MP PK MP
------------------------------------------------------------------------------------
Ben Hanowski 0 0 0 -1 0 1 2 0 0 0 0/0 15:10 1:58 0:00
Devin Shore 1 0 1 1 0 2 2 0 1 1 1/4 14:39 1:58 0:31
Gord Baldwin 0 1 1 1 0 0 0 1 0 0 0/0 19:33 1:45 3:32
Greg Mauldin 0 0 0 -1 0 0 0 0 0 1 3/6 12:59 0:00 0:00
J.T. Brown 0 1 1 1 2 1 0 0 0 0 0/0 13:13 0:00 1:11
Jamie Arniel 1 0 1 1 0 3 2 0 0 2 8/23 21:26 2:00 3:16
Jan Mursak 0 0 0 0 0 1 0 1 1 0 1/1 12:06 0:00 3:16
Kyle Lawson 0 1 1 2 0 0 0 2 0 2 0/0 16:30 0:00 2:25
Lukas Krajicek 0 0 0 1 0 0 2 0 0 3 0/0 25:12 2:13 3:32
Mike Duco 0 1 1 1 0 0 3 0 0 0 0/0 10:33 0:00 1:47
Nathan Oystrick 0 0 0 0 0 2 1 2 1 0 0/0 18:55 0:00 2:25
Petr Pohl 1 0 1 2 2 3 1 0 2 0 1/1 18:59 2:00 0:59
Petter Granberg 0 0 0 -1 0 0 5 0 0 0 0/0 18:16 1:45 0:00
Pontus Aberg 0 0 0 1 0 0 0 0 0 0 0/1 16:05 0:00 0:00
Robert Dome 1 1 2 -1 0 4 0 0 0 0 0/0 14:59 2:00 0:00
Simon Despres 0 0 0 1 2 2 2 1 0 2 0/0 21:38 2:13 0:00
Tye McGinn 0 1 1 1 0 1 4 0 1 2 2/3 15:02 1:58 0:54
Vladislav Namestnikov 0 0 0 0 0 0 1 0 0 0 2/6 8:45 0:00 0:00
3 Stars
1 - Jamie Arniel (Cap)
2 - Devin Shore (Cap)
3 - Robert Dome (Cap)
Power Play
Rafales - 0 on 3 Attempt(s) - 0.00%
Griffins - 0 on 2 Attempt(s) - 0.00%
Penalty Kill
Rafales - 2 on 2 Attempt(s) - 100.00%
- Score 0 goal in Penalty Kill
Griffins - 3 on 3 Attempt(s) - 100.00%
- Score 1 goal in Penalty Kill
Team Stat
Rafales - Hits : 32 - Faceoff Wins : 27 - Blocked Shots : 4 - Penalty Minutes : 4
Griffins - Hits : 25 - Faceoff Wins : 18 - Blocked Shots : 7 - Penalty Minutes : 6
Official
Referees : Watson Brad and Banfield David
Linesman : Lyle Seitz and Mark Wheler
Game Notes
Philipp Grubauer enters game at 6:49 of 3rd period
Finance
Level 1 -- Attendance: 1490 (74.50%) -- Ticket Income $52,150
Level 2 -- Attendance: 724 (72.40%) -- Ticket Income $14,480
Total Attendance: 2214 (73.80%)
Total Ticket Income: $66,630
Other Income: $3,332
Total Income: $69,962
Rafales
5 vs 5 Forward
Center Left Wing Right Wing Time % Phy DF OF
1 Mike Zigomanis Cody McLeod Milan Bartovic 40 1 2 2
2 Jarret Stoll Michael Bournival Tim Crowder 30 1 2 2
3 Nathan Davis Carl Klingberg Brian Ferlin 20 1 2 2
4 Kevin Veilleux Chris Terry James Marcou 10 1 2 2
5 vs 5 Defense
Defense Defense Time % Phy DF OF
1 Marc-André Gragnani Mark Fayne 40 1 2 2
2 Julian Melchiori Connor Murphy 30 1 2 2
3 Dylan McIlrath Marc-André Gragnani 20 1 2 2
4 Mark Fayne Julian Melchiori 10 1 2 2
PowerPlay Forward
Center Left Wing Right Wing Time % Phy DF OF
1 Mike Zigomanis Cody McLeod Milan Bartovic 60 1 2 2
2 Jarret Stoll Michael Bournival Tim Crowder 40 1 2 2
PowerPlay Defense
Defense Defense Time % Phy DF OF
1 Marc-André Gragnani Mark Fayne 60 1 2 2
2 Julian Melchiori Connor Murphy 40 1 2 2
Penalty Kill 4 Players Forward
Center Wing Time % Phy DF OF
1 Mike Zigomanis Jarret Stoll 60 1 2 2
2 Cody McLeod Milan Bartovic 40 1 2 2
Penalty Kill 4 Players Defense
Defense Defense Time % Phy DF OF
1 Marc-André Gragnani Mark Fayne 60 1 2 2
2 Julian Melchiori Connor Murphy 40 1 2 2
Penalty Kill - 3 Players Forward
Forward Time % Phy DF OF
1 Mike Zigomanis 60 1 2 2
2 Jarret Stoll 40 1 2 2
Penalty Kill - 3 Players Defense
Defense Defense Time % Phy DF OF
1 Marc-André Gragnani Mark Fayne 60 1 2 2
2 Julian Melchiori Connor Murphy 40 1 2 2
4 vs 4 Forward
Center Wing Time % Phy DF OF
1 Mike Zigomanis Jarret Stoll 60 1 2 2
2 Cody McLeod Milan Bartovic 40 1 2 2
4 vs 4 Defense
Defense Defense Time % Phy DF OF
1 Marc-André Gragnani Mark Fayne 60 1 2 2
2 Julian Melchiori Connor Murphy 40 1 2 2
Last Minutes Offensive
Center Left Wing Right Wing Defense Defense
Mike Zigomanis Cody McLeod Milan Bartovic Marc-André Gragnani Mark Fayne
Last Minutes Defensive
Center Left Wing Right Wing Defense Defense
Mike Zigomanis Cody McLeod Milan Bartovic Marc-André Gragnani Mark Fayne
Goaltenders
Starting : Leland Irving
Backup : Philipp Grubauer
Extra Forwards
Normal : Petr Kalus, Jayson Megna, Ryan Bourque - PP : Petr Kalus, Jayson Megna - PK : Ryan Bourque
Extra Defensemen
Normal : Dylan McIlrath, Connor Murphy, Marc-André Gragnani - PP : Dylan McIlrath - PK : Connor Murphy, Marc-André Gragnani
Penalty Shots
Mike Zigomanis, Jarret Stoll, Cody McLeod, Milan Bartovic, Nathan Davis
Scratches
Ben Sexton (Healthy), Cedric Paquette (Healthy), Ben Johnson (Healthy), Slater Koekkoek (Healthy), Brad Ross (Healthy)
David Broll (Healthy), Dennis Persson (Healthy), Chris Driedger (Healthy)
Griffins
5 vs 5 Forward
Center Left Wing Right Wing Time % Phy DF OF
1 Jamie Arniel Pontus Aberg Petr Pohl 40 0 2 3
2 Devin Shore Tye McGinn J.T. Brown 25 0 2 3
3 Greg Mauldin Robert Dome Ben Hanowski 25 0 2 3
4 Vladislav Namestnikov Jan Mursak Mike Duco 10 0 2 3
5 vs 5 Defense
Defense Defense Time % Phy DF OF
1 Lukas Krajicek Simon Despres 40 1 2 2
2 Gord Baldwin Kyle Lawson 30 1 2 2
3 Nathan Oystrick Petter Granberg 20 1 2 2
4 Nathan Oystrick Petter Granberg 10 1 2 2
PowerPlay Forward
Center Left Wing Right Wing Time % Phy DF OF
1 Jamie Arniel Robert Dome Petr Pohl 60 0 1 4
2 Devin Shore Tye McGinn Ben Hanowski 40 0 1 4
PowerPlay Defense
Defense Defense Time % Phy DF OF
1 Simon Despres Lukas Krajicek 60 0 1 4
2 Gord Baldwin Petter Granberg 40 0 1 4
Penalty Kill 4 Players Forward
Center Wing Time % Phy DF OF
1 Jamie Arniel Jan Mursak 60 1 2 2
2 J.T. Brown Mike Duco 40 1 2 2
Penalty Kill 4 Players Defense
Defense Defense Time % Phy DF OF
1 Gord Baldwin Lukas Krajicek 60 1 2 2
2 Kyle Lawson Nathan Oystrick 40 1 2 2
Penalty Kill - 3 Players Forward
Forward Time % Phy DF OF
1 Jamie Arniel 60 1 2 2
2 Mike Duco 40 1 2 2
Penalty Kill - 3 Players Defense
Defense Defense Time % Phy DF OF
1 Gord Baldwin Lukas Krajicek 60 1 2 2
2 Lukas Krajicek Nathan Oystrick 40 1 2 2
4 vs 4 Forward
Center Wing Time % Phy DF OF
1 Jamie Arniel Petr Pohl 60 1 2 2
2 Devin Shore Tye McGinn 40 1 2 2
4 vs 4 Defense
Defense Defense Time % Phy DF OF
1 Nathan Oystrick Gord Baldwin 60 1 2 2
2 Kyle Lawson Simon Despres 40 1 2 2
Last Minutes Offensive
Center Left Wing Right Wing Defense Defense
Jamie Arniel Tye McGinn Petr Pohl Lukas Krajicek Simon Despres
Last Minutes Defensive
Center Left Wing Right Wing Defense Defense
Jamie Arniel Jan Mursak Mike Duco Gord Baldwin Nathan Oystrick
Goaltenders
Starting : Jason Missiaen
Backup : Malcolm Subban
Extra Forwards
Normal : Jamie Arniel, Devin Shore, Robert Dome - PP : Pontus Aberg, Ben Hanowski - PK : Petr Pohl
Extra Defensemen
Normal : Lukas Krajicek, Simon Despres, Petter Granberg - PP : Kyle Lawson - PK : Simon Despres, Petter Granberg
Penalty Shots
Jan Mursak, Petr Pohl, Jamie Arniel, Tye McGinn, Greg Mauldin
Scratches
Oscar Klefbom (Torn Left Knee Ligaments Injury), Garrett Wilson (Healthy), Tanner Kero (Healthy), Greg McKegg (Healthy), Lucas Lessio (Healthy)
Brett Bulmer (Healthy), Stuart Percy (Healthy), Rich Clune (Healthy), Jerome Gauthier-Leduc (Healthy), Konrad Abeltshauser (Healthy)
Tomas Hyka (Healthy), Brian Hart (Healthy), Casey Wellman (Healthy), Justin Braun (Strained Right Elbow Injury), Thomas Greiss (Healthy)
% Time on Ice - Rafales
Lines # - Real PCT - Wanted PCT - Time Play
Normal Forward
1 - 29% - 40% - 14:42
2 - 28% - 30% - 14:16
3 - 21% - 20% - 10:42
4 - 21% - 10% - 10:25
Normal Defense
1 - 30% - 40% - 14:51
2 - 34% - 30% - 16:56
3 - 25% - 20% - 12:45
4 - 11% - 10% - 5:33
PP Forward
1 - 54% - 60% - 3:13
2 - 46% - 40% - 2:44
PP Defense
1 - 66% - 60% - 3:54
2 - 34% - 40% - 2:03
PK Forward
1 - 78% - 60% - 3:05
2 - 22% - 40% - 0:53
PK Defense
1 - 29% - 60% - 1:09
2 - 71% - 40% - 2:49
PK3 Forward
1 - 0% - 60%
2 - 0% - 40%
PK3 Defense
1 - 0% - 60%
2 - 0% - 40%
44 Forward
1 - 0% - 60%
2 - 0% - 40%
44 Defense
1 - 0% - 60%
2 - 0% - 40%
Last Minute Offensive - 0:00
Last Minute Defensive - 0:00
Total
Forward - 60:00
Defense - 60:00
|
% Time on Ice - Griffins
Lines # - Real PCT - Wanted PCT - Time Play
Normal Forward
1 - 32% - 40% - 16:05
2 - 24% - 25% - 12:16
3 - 26% - 25% - 12:59
4 - 17% - 10% - 8:45
Normal Defense
1 - 40% - 40% - 19:49
2 - 29% - 30% - 14:30
3 - 22% - 20% - 11:01
4 - 9% - 10% - 4:45
PP Forward
1 - 50% - 60% - 2:00
2 - 50% - 40% - 1:58
PP Defense
1 - 56% - 60% - 2:13
2 - 44% - 40% - 1:45
PK Forward
1 - 70% - 60% - 4:10
2 - 30% - 40% - 1:47
PK Defense
1 - 59% - 60% - 3:32
2 - 41% - 40% - 2:25
PK3 Forward
1 - 0% - 60%
2 - 0% - 40%
PK3 Defense
1 - 0% - 60%
2 - 0% - 40%
44 Forward
1 - 0% - 60%
2 - 0% - 40%
44 Defense
1 - 0% - 60%
2 - 0% - 40%
Last Minute Offensive - 0:00
Last Minute Defensive - 0:00
Total
Forward - 60:00
Defense - 60:00
|
Play by Play
1st period
0:01 of 1st period - Mike Zigomanis wins face-off versus Jamie Arniel in neutral zone.
0:06 of 1st period - Simon Despres is hit by Marc-André Gragnani and loses puck.
0:25 of 1st period - Devin Shore is hit by Michael Bournival and loses puck.
0:49 of 1st period - Icing by Carl Klingberg.
0:50 of 1st period - Greg Mauldin wins face-off versus Nathan Davis in Rafales zone.
1:25 of 1st period - Slapshot by Carl Klingberg.
1:25 of 1st period - Shot Misses the Net.
1:33 of 1st period - Wrist shot by Nathan Davis.
1:33 of 1st period - Stopped by Jason Missiaen with a rebound.
1:47 of 1st period - Snap shot by Carl Klingberg.
1:47 of 1st period - Stopped by Jason Missiaen with a rebound.
1:49 of 1st period - Snap shot by Nathan Davis.
1:49 of 1st period - Shot Misses the Net.
2:09 of 1st period - Wrist shot by Nathan Davis.
2:09 of 1st period - Shot Misses the Net.
2:27 of 1st period - Snap shot by Carl Klingberg.
2:27 of 1st period - Goal by Carl Klingberg - Rafales : 1 - Griffins : 0.
2:28 of 1st period - Mike Zigomanis wins face-off versus Jamie Arniel in neutral zone.
2:39 of 1st period - Simon Despres is hit by Dylan McIlrath and loses puck.
2:54 of 1st period - Michael Bournival is hit by Simon Despres and loses puck.
3:46 of 1st period - Kyle Lawson is hit by Mark Fayne and loses puck.
4:05 of 1st period - Minor Penalty to James Marcou for Interference.
4:06 of 1st period - Mike Zigomanis wins face-off versus Jamie Arniel in Rafales zone.
4:25 of 1st period - Lukas Krajicek is hit by Mike Zigomanis.
4:43 of 1st period - Snap shot by Ben Hanowski.
4:43 of 1st period - Shot Misses the Net.
5:25 of 1st period - Wrist shot by Cody McLeod.
5:25 of 1st period - Stopped by Jason Missiaen with a rebound.
5:43 of 1st period - Julian Melchiori is hit by Ben Hanowski and loses puck.
6:00 of 1st period - Connor Murphy is hit by Tye McGinn and loses puck.
6:05 of 1st period - Penalty to James Marcou is over, James Marcou is back on ice.
6:11 of 1st period - Jan Mursak is hit by Kevin Veilleux and loses puck.
6:17 of 1st period - Icing by Petter Granberg.
6:18 of 1st period - Chris Terry wins face-off versus Vladislav Namestnikov in Griffins zone.
6:21 of 1st period - Slapshot by James Marcou.
6:21 of 1st period - Deflect By Chris Terry.
6:21 of 1st period - Stopped by Jason Missiaen with a rebound.
7:31 of 1st period - Snap shot by Robert Dome.
7:31 of 1st period - Stopped by Leland Irving without a rebound.
7:32 of 1st period - Greg Mauldin wins face-off versus Nathan Davis in Rafales zone.
7:33 of 1st period - Backhand shot by Robert Dome.
7:33 of 1st period - Stopped by Leland Irving with a rebound.
7:39 of 1st period - Nathan Oystrick is hit by Brian Ferlin and loses puck.
7:46 of 1st period - Slapshot by Nathan Davis.
7:46 of 1st period - Stopped by Jason Missiaen with a rebound.
8:13 of 1st period - Minor Penalty to Simon Despres for Hooking.
8:14 of 1st period - Jamie Arniel wins face-off versus Mike Zigomanis in Griffins zone.
8:26 of 1st period - Wrist shot by Cody McLeod.
8:26 of 1st period - Stopped by Jason Missiaen with a rebound.
9:25 of 1st period - Icing by Mike Zigomanis.
9:26 of 1st period - Petr Pohl wins face-off versus Mike Zigomanis in Rafales zone.
10:13 of 1st period - Penalty to Simon Despres is over, Simon Despres is back on ice.
11:42 of 1st period - Julian Melchiori is hit by Petter Granberg and loses puck.
12:03 of 1st period - Off-side.
12:04 of 1st period - Tye McGinn wins face-off versus Jarret Stoll in neutral zone.
12:07 of 1st period - Mark Fayne is hit by Tye McGinn and loses puck.
12:50 of 1st period - Icing by Mike Zigomanis.
12:51 of 1st period - Mike Zigomanis wins face-off versus Greg Mauldin in Rafales zone.
12:56 of 1st period - Wrist shot by Robert Dome.
12:56 of 1st period - Goal by Robert Dome - Rafales : 1 - Griffins : 1.
12:57 of 1st period - Jamie Arniel wins face-off versus Mike Zigomanis in neutral zone.
13:22 of 1st period - Mark Fayne is hit by Lukas Krajicek and loses puck.
13:45 of 1st period - Wrist shot by Ben Hanowski.
13:45 of 1st period - Shot Blocked by Carl Klingberg.
13:47 of 1st period - Backhand shot by Ben Hanowski.
13:47 of 1st period - Shot Blocked by Carl Klingberg.
14:11 of 1st period - Wrist shot by Jan Mursak.
14:11 of 1st period - Stopped by Leland Irving with a rebound.
15:02 of 1st period - Kyle Lawson is hit by Brian Ferlin and loses puck.
15:21 of 1st period - Snap shot by Jamie Arniel.
15:21 of 1st period - Goal by Jamie Arniel - Rafales : 1 - Griffins : 2.
15:22 of 1st period - Mike Zigomanis wins face-off versus Jamie Arniel in neutral zone.
15:27 of 1st period - Snap shot by Milan Bartovic.
15:27 of 1st period - Deflect By Cody McLeod.
15:27 of 1st period - Stopped by Jason Missiaen without a rebound.
15:28 of 1st period - Mike Zigomanis wins face-off versus Jamie Arniel in Griffins zone.
16:15 of 1st period - Slapshot by Marc-André Gragnani.
16:15 of 1st period - Shot Blocked by Nathan Oystrick.
16:35 of 1st period - Mark Fayne is hit by Jamie Arniel.
16:50 of 1st period - Icing by Nathan Davis.
16:51 of 1st period - Mike Zigomanis wins face-off versus Vladislav Namestnikov in Rafales zone.
16:51 of 1st period - Mike Zigomanis is hit by Lukas Krajicek.
17:03 of 1st period - Slapshot by Jan Mursak.
17:03 of 1st period - Deflect By Marc-André Gragnani.
17:03 of 1st period - Shot Misses the Net.
17:03 of 1st period - Puck is out of play.
17:04 of 1st period - Jamie Arniel wins face-off versus Milan Bartovic in Rafales zone.
17:09 of 1st period - Wrist shot by Jamie Arniel.
17:09 of 1st period - Stopped by Leland Irving without a rebound.
17:10 of 1st period - Mike Zigomanis wins face-off versus Jamie Arniel in Rafales zone.
18:37 of 1st period - Jan Mursak is hit by Marc-André Gragnani.
19:30 of 1st period - Petr Pohl is hit by Connor Murphy and loses puck.
Goals for this period are 1 for Rafales vs 2 for Griffins.
Shots for this period are 8 for Rafales vs 6 for Griffins.
2nd period
0:01 of 2nd period - Mike Zigomanis wins face-off versus Jamie Arniel in neutral zone.
0:01 of 2nd period - Mike Zigomanis is hit by Petr Pohl.
0:22 of 2nd period - Icing by Jamie Arniel.
0:23 of 2nd period - Jarret Stoll wins face-off versus Tye McGinn in Griffins zone.
0:28 of 2nd period - Backhand shot by Jarret Stoll.
0:28 of 2nd period - Deflect By Michael Bournival.
0:28 of 2nd period - Stopped by Jason Missiaen with a rebound.
0:30 of 2nd period - Wrist shot by Jarret Stoll.
0:30 of 2nd period - Stopped by Jason Missiaen with a rebound.
0:32 of 2nd period - Slapshot by Jarret Stoll.
0:32 of 2nd period - Stopped by Jason Missiaen with a rebound.
0:34 of 2nd period - Wrist shot by Michael Bournival.
0:34 of 2nd period - Shot Blocked by Simon Despres.
1:08 of 2nd period - Wrist shot by Robert Dome.
1:08 of 2nd period - Shot Misses the Net.
1:14 of 2nd period - Dylan McIlrath is hit by Petter Granberg and loses puck.
1:27 of 2nd period - James Marcou is hit by Mike Duco and loses puck.
1:47 of 2nd period - Jarret Stoll is hit by Tye McGinn and loses puck.
1:52 of 2nd period - Snap shot by Tye McGinn.
1:52 of 2nd period - Shot Misses the Net.
1:54 of 2nd period - Wrist shot by Devin Shore.
1:54 of 2nd period - Goal by Devin Shore - Rafales : 1 - Griffins : 3.
1:55 of 2nd period - Mike Zigomanis wins face-off versus Jamie Arniel in neutral zone.
2:22 of 2nd period - J.T. Brown is hit by Jarret Stoll and loses puck.
3:02 of 2nd period - Snap shot by Chris Terry.
3:02 of 2nd period - Stopped by Jason Missiaen without a rebound.
3:03 of 2nd period - James Marcou wins face-off versus Vladislav Namestnikov in Griffins zone.
3:30 of 2nd period - Snap shot by Chris Terry.
3:30 of 2nd period - Stopped by Jason Missiaen with a rebound.
3:32 of 2nd period - Slapshot by Marc-André Gragnani.
3:32 of 2nd period - Shot Misses the Net.
3:34 of 2nd period - Slapshot by Marc-André Gragnani.
3:34 of 2nd period - Shot Blocked by Jan Mursak.
3:36 of 2nd period - Snap shot by James Marcou.
3:36 of 2nd period - Shot Misses the Net.
3:38 of 2nd period - Slapshot by Marc-André Gragnani.
3:38 of 2nd period - Stopped by Jason Missiaen with a rebound.
3:40 of 2nd period - Slapshot by Mark Fayne.
3:40 of 2nd period - Stopped by Jason Missiaen with a rebound.
3:54 of 2nd period - Lukas Krajicek is hit by Chris Terry and loses puck.
4:05 of 2nd period - Snap shot by Kevin Veilleux.
4:05 of 2nd period - Deflect By Chris Terry.
4:05 of 2nd period - Stopped by Jason Missiaen without a rebound.
4:06 of 2nd period - Mike Zigomanis wins face-off versus Jamie Arniel in Griffins zone.
4:38 of 2nd period - Icing by Tim Crowder.
4:39 of 2nd period - Tye McGinn wins face-off versus Jarret Stoll in Rafales zone.
4:52 of 2nd period - Slapshot by Michael Bournival.
4:52 of 2nd period - Deflect By J.T. Brown.
4:52 of 2nd period - Shot Blocked by Nathan Oystrick.
4:52 of 2nd period - Puck is out of play.
4:53 of 2nd period - Mike Zigomanis wins face-off versus Pontus Aberg in Griffins zone.
4:54 of 2nd period - Wrist shot by Cody McLeod.
4:54 of 2nd period - Deflect By Milan Bartovic.
4:54 of 2nd period - Stopped by Jason Missiaen with a rebound.
5:28 of 2nd period - Off-side.
5:29 of 2nd period - Greg Mauldin wins face-off versus Mike Zigomanis in neutral zone.
5:34 of 2nd period - Slapshot by Simon Despres.
5:34 of 2nd period - Stopped by Leland Irving with a rebound.
5:36 of 2nd period - Slapshot by Ben Hanowski.
5:36 of 2nd period - Stopped by Leland Irving without a rebound.
5:37 of 2nd period - Mike Zigomanis wins face-off versus Greg Mauldin in Rafales zone.
5:52 of 2nd period - Wrist shot by Robert Dome.
5:52 of 2nd period - Shot Misses the Net.
6:18 of 2nd period - Minor Penalty to Petr Pohl for Hooking.
6:19 of 2nd period - Mike Zigomanis wins face-off versus Jamie Arniel in Griffins zone.
6:34 of 2nd period - Slapshot by Jan Mursak.
6:34 of 2nd period - Shot Hit the Post.
8:18 of 2nd period - Penalty to Petr Pohl is over, Petr Pohl is back on ice.
8:29 of 2nd period - Snap shot by Devin Shore.
8:29 of 2nd period - Shot Misses the Net.
8:58 of 2nd period - Slapshot by Petr Pohl.
8:58 of 2nd period - Stopped by Leland Irving with a rebound.
9:28 of 2nd period - Carl Klingberg is hit by Mike Duco and loses puck.
9:58 of 2nd period - Kevin Veilleux is hit by Petter Granberg and loses puck.
10:33 of 2nd period - Lukas Krajicek is hit by Dylan McIlrath and loses puck.
11:23 of 2nd period - Pontus Aberg is hit by Carl Klingberg and loses puck.
11:53 of 2nd period - Mike Duco is hit by Kevin Veilleux and loses puck.
12:10 of 2nd period - Milan Bartovic is hit by Petter Granberg.
12:20 of 2nd period - Mark Fayne is hit by Devin Shore and loses puck.
12:44 of 2nd period - James Marcou is hit by Ben Hanowski and loses puck.
12:51 of 2nd period - Greg Mauldin is hit by Kevin Veilleux and loses puck.
13:02 of 2nd period - Vladislav Namestnikov is hit by Michael Bournival.
13:08 of 2nd period - Gord Baldwin is hit by Michael Bournival and loses puck.
13:17 of 2nd period - Cody McLeod is hit by Mike Duco and loses puck.
13:34 of 2nd period - Jarret Stoll is hit by Tye McGinn and loses puck.
14:27 of 2nd period - Slapshot by Milan Bartovic.
14:27 of 2nd period - Goal by Milan Bartovic - Rafales : 2 - Griffins : 3.
14:28 of 2nd period - Mike Zigomanis wins face-off versus Jamie Arniel in neutral zone.
14:33 of 2nd period - Snap shot by Mike Zigomanis.
14:33 of 2nd period - Shot Misses the Net.
15:23 of 2nd period - Icing by Nathan Oystrick.
15:24 of 2nd period - Mike Zigomanis wins face-off versus Vladislav Namestnikov in Griffins zone.
15:26 of 2nd period - Minor Penalty to Connor Murphy for Diving.
15:27 of 2nd period - Jamie Arniel wins face-off versus Mike Zigomanis in Rafales zone.
15:35 of 2nd period - Wrist shot by Petr Pohl.
15:35 of 2nd period - Shot Blocked by Mike Zigomanis.
15:37 of 2nd period - Snap shot by Robert Dome.
15:37 of 2nd period - Stopped by Leland Irving with a rebound.
16:00 of 2nd period - Slapshot by Simon Despres.
16:00 of 2nd period - Shot Misses the Net.
16:02 of 2nd period - Snap shot by Devin Shore.
16:02 of 2nd period - Stopped by Leland Irving with a rebound.
16:14 of 2nd period - Slapshot by Marc-André Gragnani.
16:14 of 2nd period - Shot Misses the Net.
17:26 of 2nd period - Penalty to Connor Murphy is over, Connor Murphy is back on ice.
17:53 of 2nd period - Gord Baldwin is hit by Chris Terry and loses puck.
17:58 of 2nd period - Snap shot by Kevin Veilleux.
17:58 of 2nd period - Stopped by Jason Missiaen without a rebound.
17:59 of 2nd period - Vladislav Namestnikov wins face-off versus Kevin Veilleux in Griffins zone.
18:12 of 2nd period - Nathan Oystrick is hit by Marc-André Gragnani and loses puck.
18:40 of 2nd period - Icing by Brian Ferlin.
18:41 of 2nd period - Nathan Davis wins face-off versus Devin Shore in Rafales zone.
18:48 of 2nd period - Slapshot by Tye McGinn.
18:48 of 2nd period - Stopped by Leland Irving with a rebound.
19:11 of 2nd period - Wrist shot by Tim Crowder.
19:11 of 2nd period - Stopped by Jason Missiaen with a rebound.
19:28 of 2nd period - Snap shot by Kevin Veilleux.
19:28 of 2nd period - Shot Misses the Net.
19:39 of 2nd period - Snap shot by Robert Dome.
19:39 of 2nd period - Shot Misses the Net.
Goals for this period are 1 for Rafales vs 1 for Griffins.
Shots for this period are 12 for Rafales vs 7 for Griffins.
3rd period
0:01 of 3rd period - Jamie Arniel wins face-off versus Mike Zigomanis in neutral zone.
0:04 of 3rd period - Wrist shot by Petr Pohl.
0:04 of 3rd period - Shot Misses the Net.
0:06 of 3rd period - Slapshot by Simon Despres.
0:06 of 3rd period - Stopped by Leland Irving without a rebound.
0:07 of 3rd period - Mike Zigomanis wins face-off versus Jamie Arniel in Rafales zone.
0:13 of 3rd period - Icing by Mark Fayne.
0:14 of 3rd period - Mike Zigomanis wins face-off versus Jamie Arniel in Rafales zone.
0:21 of 3rd period - Snap shot by Milan Bartovic.
0:21 of 3rd period - Deflect By Mike Zigomanis.
0:21 of 3rd period - Shot Misses the Net.
0:21 of 3rd period - Puck is out of play.
0:22 of 3rd period - Jamie Arniel wins face-off versus Mike Zigomanis in Griffins zone.
0:36 of 3rd period - Wrist shot by Mike Zigomanis.
0:36 of 3rd period - Stopped by Jason Missiaen with a rebound.
1:13 of 3rd period - Snap shot by Jamie Arniel.
1:13 of 3rd period - Stopped by Leland Irving without a rebound.
1:14 of 3rd period - Mike Zigomanis wins face-off versus Devin Shore in Rafales zone.
1:21 of 3rd period - Wrist shot by Mike Zigomanis.
1:21 of 3rd period - Stopped by Jason Missiaen with a rebound.
2:01 of 3rd period - Icing by Kevin Veilleux.
2:02 of 3rd period - Vladislav Namestnikov wins face-off versus Kevin Veilleux in Rafales zone.
2:05 of 3rd period - Snap shot by J.T. Brown.
2:05 of 3rd period - Shot Misses the Net.
2:07 of 3rd period - Slapshot by Nathan Oystrick.
2:07 of 3rd period - Stopped by Leland Irving with a rebound.
2:09 of 3rd period - Backhand shot by Nathan Oystrick.
2:09 of 3rd period - Stopped by Leland Irving with a rebound.
2:49 of 3rd period - Dylan McIlrath is hit by Simon Despres and loses puck.
2:56 of 3rd period - Vladislav Namestnikov is hit by Marc-André Gragnani and loses puck.
4:05 of 3rd period - Slapshot by J.T. Brown.
4:05 of 3rd period - Deflect By Devin Shore.
4:05 of 3rd period - Shot Misses the Net.
4:05 of 3rd period - Puck is out of play.
4:06 of 3rd period - Mike Zigomanis wins face-off versus Devin Shore in Rafales zone.
5:24 of 3rd period - Wrist shot by J.T. Brown.
5:24 of 3rd period - Stopped by Leland Irving without a rebound.
5:25 of 3rd period - Jamie Arniel wins face-off versus Mike Zigomanis in Rafales zone.
6:03 of 3rd period - Minor Penalty to J.T. Brown for Slashing.
6:04 of 3rd period - Jan Mursak wins face-off versus Mike Zigomanis in Griffins zone.
6:13 of 3rd period - Gord Baldwin is hit by Mark Fayne and loses puck.
6:49 of 3rd period - Snap shot by Petr Pohl.
6:49 of 3rd period - Goal by Petr Pohl - Rafales : 2 - Griffins : 4.
6:49 of 3rd period - Philipp Grubauer enters game.
6:50 of 3rd period - Jamie Arniel wins face-off versus Mike Zigomanis in neutral zone.
7:00 of 3rd period - Snap shot by Cody McLeod.
7:00 of 3rd period - Shot Hit the Post.
7:04 of 3rd period - Wrist shot by Milan Bartovic.
7:04 of 3rd period - Shot Misses the Net.
7:06 of 3rd period - Snap shot by Mike Zigomanis.
7:06 of 3rd period - Shot Misses the Net.
7:39 of 3rd period - Icing by Tim Crowder.
7:40 of 3rd period - Jarret Stoll wins face-off versus Jamie Arniel in Rafales zone.
8:03 of 3rd period - Penalty to J.T. Brown is over, J.T. Brown is back on ice.
8:29 of 3rd period - Devin Shore is hit by Michael Bournival and loses puck.
8:48 of 3rd period - Connor Murphy is hit by Jamie Arniel and loses puck.
9:03 of 3rd period - Mike Zigomanis is hit by Vladislav Namestnikov and loses puck.
9:28 of 3rd period - Wrist shot by Nathan Davis.
9:28 of 3rd period - Stopped by Jason Missiaen without a rebound.
9:29 of 3rd period - Jarret Stoll wins face-off versus Jamie Arniel in Griffins zone.
10:44 of 3rd period - Michael Bournival is hit by Petter Granberg.
11:04 of 3rd period - Snap shot by Petr Pohl.
11:04 of 3rd period - Stopped by Philipp Grubauer with a rebound.
11:15 of 3rd period - Kyle Lawson is hit by Dylan McIlrath and loses puck.
12:29 of 3rd period - Devin Shore is hit by Chris Terry.
12:35 of 3rd period - Devin Shore is hit by Chris Terry and loses puck.
12:50 of 3rd period - Brian Ferlin is hit by Devin Shore and loses puck.
13:13 of 3rd period - Michael Bournival is hit by Nathan Oystrick and loses puck.
13:32 of 3rd period - Gord Baldwin is hit by Mark Fayne and loses puck.
13:41 of 3rd period - Wrist shot by Jan Mursak.
13:41 of 3rd period - Shot Misses the Net.
14:32 of 3rd period - Devin Shore is hit by Michael Bournival and loses puck.
15:08 of 3rd period - Icing by Tim Crowder.
15:09 of 3rd period - Devin Shore wins face-off versus Jarret Stoll in Rafales zone.
15:18 of 3rd period - Jamie Arniel is hit by Milan Bartovic.
15:40 of 3rd period - Vladislav Namestnikov is hit by Dylan McIlrath and loses puck.
15:47 of 3rd period - Wrist shot by Tim Crowder.
15:47 of 3rd period - Stopped by Jason Missiaen with a rebound.
15:49 of 3rd period - Snap shot by Tim Crowder.
15:49 of 3rd period - Stopped by Jason Missiaen with a rebound.
16:03 of 3rd period - Petter Granberg is hit by Chris Terry and loses puck.
16:20 of 3rd period - Pontus Aberg is hit by Milan Bartovic and loses puck.
17:54 of 3rd period - Icing by Ben Hanowski.
17:55 of 3rd period - Tim Crowder wins face-off versus Greg Mauldin in Griffins zone.
18:04 of 3rd period - Backhand shot by Carl Klingberg.
18:04 of 3rd period - Stopped by Jason Missiaen with a rebound.
18:06 of 3rd period - Snap shot by Brian Ferlin.
18:06 of 3rd period - Shot Blocked by Kyle Lawson.
18:08 of 3rd period - Slapshot by Mark Fayne.
18:08 of 3rd period - Shot Blocked by Gord Baldwin.
18:10 of 3rd period - Slapshot by Connor Murphy.
18:10 of 3rd period - Shot Blocked by Kyle Lawson.
19:25 of 3rd period - Wrist shot by Greg Mauldin.
19:25 of 3rd period - Shot Blocked by Marc-André Gragnani.
19:49 of 3rd period - Slapshot by Jamie Arniel.
19:49 of 3rd period - Shot Misses the Net.
Goals for this period are 0 for Rafales vs 1 for Griffins.
Shots for this period are 6 for Rafales vs 7 for Griffins.
Back to the Top